BLB
DENVER BULLS @ CAROLINA TOBS
08/31/2059
 
TOP OF THE 1ST
Denver Bulls batting - Pitching for Carolina Tobs : RHP Jace Szymanski
Pitching: RHP Jace Szymanski
Batting: RHB Liam Gill 0-0: Ball
1-0: Ball
2-0: Foul Ball, location: 2F
2-1: Foul Ball, location: 2F
2-2: SINGLE (Groundball, 6MD, EV 101.2 MPH)
Batting: RHB Dalton Brown 0-0: Ball
1-0: Called Strike
1-1: Grounds into double play, 4-6-3 (Groundball, 34S, EV 85.6 MPH)
Batting: SHB J.J. Evans 0-0: Foul Ball, location: 2F
0-1: Ball
1-1: Ball
2-1: Foul Ball, location: 2F
2-2: Ball
3-2: Fly out, F4 (Flyball, 34D, EV 83.1 MPH)
Top of the 1st over - 0 runs, 1 hit, 0 errors, 0 left on base; Denver 0 - Carolina 0
BOTTOM OF THE 1ST
Carolina Tobs batting - Pitching for Denver Bulls : RHP Carlos Smith
Pitching: RHP Carlos Smith
Batting: LHB Spencer DeSimone 0-0: Ball
1-0: Called Strike
1-1: Foul Ball, location: 2F
1-2: Ball
2-2: Ball
3-2: Foul Ball, location: 2F
3-2: Foul Ball, location: 2F
3-2: Fly out, F9 (Flyball, 9, EV 91.9 MPH)
Batting: LHB Clay Newhouse 0-0: Called Strike
0-1: Ground out U3 (Groundball, 34S, EV 85.0 MPH)
Batting: LHB Trent West 0-0: Ball
1-0: Called Strike
1-1: Ball
2-1: Ground out 6-3 (Groundball, 6, EV 86.2 MPH)
Bottom of the 1st over - 0 runs, 0 hits, 0 errors, 0 left on base; Denver 0 - Carolina 0
TOP OF THE 2ND
Denver Bulls batting - Pitching for Carolina Tobs : RHP Jace Szymanski
Batting: LHB Michael Hughes 0-0: Called Strike
0-1: Called Strike
0-2: Ball
1-2: Ball
2-2: Strikes out swinging
Batting: RHB James Wilson 0-0: Called Strike
0-1: Swinging Strike
0-2: Foul Ball, location: 2F
0-2: Strikes out looking
Batting: LHB Wil Murillo 0-0: Called Strike
0-1: Foul Ball, location: 2F
0-2: Strikes out looking
Top of the 2nd over - 0 runs, 0 hits, 0 errors, 0 left on base; Denver 0 - Carolina 0
BOTTOM OF THE 2ND
Carolina Tobs batting - Pitching for Denver Bulls : RHP Carlos Smith
Batting: LHB Evan Turner 0-0: Ground out 6-3 (Groundball, 6, EV 88.1 MPH)
Batting: RHB Marcus Fahr 0-0: Ball
1-0: Called Strike
1-1: Foul Ball, location: 2F
1-2: Fly out, F3 (Line Drive, 34, EV 70.6 MPH)
Batting: RHB Johnathan Shillito 0-0: Ball
1-0: Ball
2-0: Ball
3-0: Called Strike
3-1: Fly out, F8 (Flyball, 8RS, EV 83.8 MPH)
Bottom of the 2nd over - 0 runs, 0 hits, 0 errors, 0 left on base; Denver 0 - Carolina 0
TOP OF THE 3RD
Denver Bulls batting - Pitching for Carolina Tobs : RHP Jace Szymanski
Batting: SHB T.J. Carter 0-0: Swinging Strike
0-1: Foul Ball, location: 2F
0-2: Ground out U3 (Groundball, 3, EV 86.9 MPH)
Batting: RHB Chandler Hays 0-0: Ground out 5-3 (Groundball, 56, EV 88.1 MPH)
Batting: LHB Mandela Faruq 0-0: Foul Ball, location: 2F
0-1: Ball
1-1: Foul Ball, location: 2F
1-2: Fly out, F9 (Flyball, 9S, EV 86.9 MPH)
Top of the 3rd over - 0 runs, 0 hits, 0 errors, 0 left on base; Denver 0 - Carolina 0
BOTTOM OF THE 3RD
Carolina Tobs batting - Pitching for Denver Bulls : RHP Carlos Smith
Batting: SHB JaQawn Schiegl 0-0: SINGLE (Groundball, 4MD, EV 103.1 MPH)
Batting: LHB L.G. Clia 0-0: Ball
1-0: Fielders Choice at 2nd, 3-6 (Groundball, 3D, EV 82.5 MPH)
Batting: SHB Sean Benjamin 0-0: Ball
1-0: TRIPLE (Flyball, 89XD, EV 100.6 MPH)
L.G. Clia scores
Batting: LHB Spencer DeSimone 0-0: Called Strike
0-1: Ball
1-1: Swinging Strike
1-2: Ball
2-2: Strikes out swinging
Batting: LHB Clay Newhouse 0-0: Called Strike
0-1: Foul Ball, location: 2F
0-2: Ball
1-2: Ground out 3-1 (Groundball, 13, EV 86.2 MPH)
Bottom of the 3rd over - 1 run, 2 hits, 0 errors, 1 left on base; Denver 0 - Carolina 1
TOP OF THE 4TH
Denver Bulls batting - Pitching for Carolina Tobs : RHP Jace Szymanski
Batting: RHB Liam Gill 0-0: Called Strike
0-1: Ball
1-1: Swinging Strike
1-2: Ground out 5-3 (Groundball, 56, EV 94.4 MPH)
Batting: RHB Dalton Brown 0-0: Foul Ball, location: 2F
0-1: Foul Ball, location: 2F
0-2: Strikes out swinging
Batting: SHB J.J. Evans 0-0: Called Strike
0-1: Ball
1-1: Called Strike
1-2: Strikes out swinging
Top of the 4th over - 0 runs, 0 hits, 0 errors, 0 left on base; Denver 0 - Carolina 1
BOTTOM OF THE 4TH
Carolina Tobs batting - Pitching for Denver Bulls : RHP Carlos Smith
Batting: LHB Trent West 0-0: Foul Ball, location: 2F
0-1: Called Strike
0-2: Ball
1-2: Ball
2-2: Ball
3-2: Fly out, F8 (Flyball, 8LD, EV 101.2 MPH)
Batting: LHB Evan Turner 0-0: Foul Ball, location: 2F
0-1: Ball
1-1: Ball
2-1: Ground out 4-3 (Groundball, 4, EV 107.5 MPH)
Batting: RHB Marcus Fahr 0-0: Ball
1-0: Ball
2-0: Ball
3-0: Base on Balls
Batting: RHB Johnathan Shillito 0-0: Called Strike
0-1: Fly out, F5 (Popup, 15, EV 78.8 MPH)
Bottom of the 4th over - 0 runs, 0 hits, 0 errors, 1 left on base; Denver 0 - Carolina 1
TOP OF THE 5TH
Denver Bulls batting - Pitching for Carolina Tobs : RHP Jace Szymanski
Batting: LHB Michael Hughes 0-0: Ball
1-0: Called Strike
1-1: Foul Ball, location: 2F
1-2: Ball
2-2: Ball
3-2: Ground out U3 (Groundball, 3, EV 81.2 MPH)
Batting: RHB James Wilson 0-0: Called Strike
0-1: Ball
1-1: Foul Ball, location: 2F
1-2: Strikes out swinging
Batting: LHB Wil Murillo 0-0: Ball
1-0: Called Strike
1-1: Ground out 4-3 (Groundball, 4M, EV 85.6 MPH)
Top of the 5th over - 0 runs, 0 hits, 0 errors, 0 left on base; Denver 0 - Carolina 1
BOTTOM OF THE 5TH
Carolina Tobs batting - Pitching for Denver Bulls : RHP Carlos Smith
Batting: SHB JaQawn Schiegl 0-0: Ball
1-0: Ball
2-0: TRIPLE (Flyball, 8RXD, EV 98.8 MPH)
Batting: LHB L.G. Clia 0-0: Swinging Strike
0-1: SINGLE (Groundball, 56, EV 96.2 MPH)
JaQawn Schiegl scores
Batting: SHB Sean Benjamin 0-0: Fly out, F7 (Flyball, 78M, EV 81.9 MPH)
Batting: LHB Spencer DeSimone 0-0: Called Strike
0-1: Foul Ball, location: 2F
0-2: Ball
1-2: SINGLE (Line Drive, 89S, EV 107.5 MPH)
L.G. Clia to second
Batting: LHB Clay Newhouse 0-0: Ball
1-0: Fly out, F7 (Flyball, 78M, EV 90.0 MPH)
Batting: LHB Trent West 0-0: Ball
1-0: SINGLE (Groundball, 6MD, EV 106.2 MPH)
L.G. Clia to third
Spencer DeSimone to second
Runner from 3rd tries for Home, throw by CF and OUT! 8-2
Bottom of the 5th over - 1 run, 4 hits, 0 errors, 2 left on base; Denver 0 - Carolina 2
TOP OF THE 6TH
Denver Bulls batting - Pitching for Carolina Tobs : RHP Jace Szymanski
Batting: SHB T.J. Carter 0-0: Foul Ball, location: 2F
0-1: Ball
1-1: Swinging Strike
1-2: Ball
2-2: Foul Ball, location: 2F
2-2: Strikes out swinging
Batting: RHB Chandler Hays 0-0: Called Strike
0-1: Fly out, F9 (Flyball, 9D, EV 108.8 MPH)
Batting: LHB Mandela Faruq 0-0: Ball
1-0: Ball
2-0: Foul Ball, location: 2F
2-1: Called Strike
2-2: Strikes out swinging
Top of the 6th over - 0 runs, 0 hits, 0 errors, 0 left on base; Denver 0 - Carolina 2
BOTTOM OF THE 6TH
Carolina Tobs batting - Pitching for Denver Bulls : RHP Carlos Smith
Batting: LHB Evan Turner 0-0: TRIPLE (Flyball, 8RXD, EV 99.4 MPH)
Batting: RHB Marcus Fahr 0-0: Called Strike
0-1: Ball
1-1: Called Strike
1-2: Ground out 6-3 (Groundball, 6, EV 86.9 MPH)
Batting: RHB Johnathan Shillito 0-0: Ball
1-0: Ground out 5-3 (Groundball, 56S, EV 93.1 MPH)
Batting: SHB JaQawn Schiegl 0-0: Ball
1-0: Ball
2-0: Ground out 6-3 (Groundball, 6, EV 91.2 MPH)
Bottom of the 6th over - 0 runs, 1 hit, 0 errors, 1 left on base; Denver 0 - Carolina 2
TOP OF THE 7TH
Denver Bulls batting - Pitching for Carolina Tobs : RHP Jace Szymanski
Batting: RHB Liam Gill 0-0: Ball
1-0: Called Strike
1-1: Foul Ball, location: 2F
1-2: Ball
2-2: Strikes out swinging
Batting: RHB Dalton Brown 0-0: Fly out, F9 (Flyball, 89D, EV 104.4 MPH)
Batting: SHB J.J. Evans 0-0: Called Strike
0-1: Foul Ball, location: 2F
0-2: Strikes out looking
Top of the 7th over - 0 runs, 0 hits, 0 errors, 0 left on base; Denver 0 - Carolina 2
BOTTOM OF THE 7TH
Carolina Tobs batting - Pitching for Denver Bulls : RHP Carlos Smith
Batting: LHB L.G. Clia 0-0: Swinging Strike
0-1: Ball
1-1: Fly out, F8 (Flyball, 8RD, EV 99.4 MPH)
Batting: SHB Sean Benjamin 0-0: Called Strike
0-1: Swinging Strike
0-2: Strikes out swinging
Batting: LHB Spencer DeSimone 0-0: Swinging Strike
0-1: Foul Ball, location: 2F
0-2: Ball
1-2: Ball
2-2: Foul Ball, location: 2F
2-2: Ball
3-2: Base on Balls
Pitching: RHP Webb Martinez
Batting: LHB Clay Newhouse 0-0: Foul Ball, location: 2F
0-1: Ball
1-1: Ball
2-1: Fly out, F8 (Flyball, 8LXD, EV 89.4 MPH)
Bottom of the 7th over - 0 runs, 0 hits, 0 errors, 1 left on base; Denver 0 - Carolina 2
TOP OF THE 8TH
Denver Bulls batting - Pitching for Carolina Tobs : RHP Jace Szymanski
Batting: LHB Michael Hughes 0-0: Ball
1-0: Foul Ball, location: 2F
1-1: Ball
2-1: Foul Ball, location: 2F
2-2: Foul Ball, location: 2F
2-2: Foul Ball, location: 2F
2-2: Foul Ball, location: 2F
2-2: DOUBLE (Groundball, 3L, EV 101.9 MPH)
Pinch Hitting: LHB Johnathan Wang 0-0: Called Strike
0-1: Foul Ball, location: 2F
0-2: Ball
1-2: Strikes out swinging
Batting: LHB Wil Murillo 0-0: Swinging Strike
0-1: Ball
1-1: Called Strike
1-2: Strikes out swinging
Batting: SHB T.J. Carter 0-0: Ball
1-0: Ground out 4-3 (Groundball, 4, EV 89.4 MPH)
Top of the 8th over - 0 runs, 1 hit, 0 errors, 1 left on base; Denver 0 - Carolina 2
BOTTOM OF THE 8TH
Carolina Tobs batting - Pitching for Denver Bulls : RHP Webb Martinez
Now at 3B: Sage Reinisch
Batting: LHB Trent West 0-0: Ball
1-0: Ball
2-0: Foul Ball, location: 2F
2-1: Foul Ball, location: 2F
2-2: DOUBLE (Groundball, 5L, EV 101.2 MPH)
Batting: LHB Evan Turner 0-0: Intentional Walk
Batting: RHB Marcus Fahr 0-0: Ball
1-0: Foul Ball, location: 2F
1-1: Ball
2-1: SINGLE (Groundball, 56D, EV 96.9 MPH)
Trent West to third
Evan Turner to second
Batting: RHB Johnathan Shillito 0-0: Called Strike
0-1: Called Strike
0-2: Ball
1-2: Strikes out swinging
Batting: SHB JaQawn Schiegl 0-0: Foul Ball, location: 2F
0-1: Called Strike
0-2: Ball
1-2: Strikes out looking
Batting: LHB L.G. Clia 0-0: Foul Ball, location: 2F
0-1: Ball
1-1: DOUBLE (Line Drive, 78XD, EV 105.0 MPH)
Trent West scores
Evan Turner scores
Marcus Fahr to third
Batting: SHB Sean Benjamin 0-0: Ball
1-0: Foul Ball, location: 2F
1-1: Swinging Strike
1-2: Ball
2-2: Ball
3-2: Fly out, F1 (Line Drive, P, EV 74.4 MPH)
Bottom of the 8th over - 2 runs, 3 hits, 0 errors, 2 left on base; Denver 0 - Carolina 4
TOP OF THE 9TH
Denver Bulls batting - Pitching for Carolina Tobs : RHP Jace Szymanski
Pitching: RHP Antonio Sutton
Batting: RHB Chandler Hays 0-0: Swinging Strike
0-1: Ball
1-1: Swinging Strike
1-2: Foul Ball, location: 2F
1-2: Foul Ball, location: 2F
1-2: Strikes out looking
Batting: LHB Mandela Faruq 0-0: Called Strike
0-1: Ball
1-1: Reached on error, E5 (Groundball, 5, EV 82.5 MPH)
Batting: RHB Liam Gill 0-0: Ball
1-0: Swinging Strike
1-1: Foul Ball, location: 2F
1-2: Strikes out swinging
Batting: RHB Dalton Brown 0-0: Called Strike
0-1: Ball
1-1: Ball
2-1: Ball
3-1: Base on Balls
Batting: SHB J.J. Evans 0-0: Foul Ball, location: 2F
0-1: Ball
1-1: Called Strike
1-2: Ball
2-2: Ball
3-2: SINGLE (Line Drive, 8RS, EV 96.9 MPH)
Mandela Faruq to third
Dalton Brown to second
Mandela Faruq scores
Dalton Brown to third
Batting: LHB Michael Hughes 0-0: Called Strike
0-1: Fly out, F9 (Flyball, 9D, EV 91.2 MPH)
Top of the 9th over - 1 run, 1 hit, 1 error, 2 left on base; Denver 1 - Carolina 4
Wednesday, March 27th , 2024 - OOTP Baseball 23.10 Build 110